Map: 暮色之塔

Players

IIIIIIIIIIII - Winner!

  • Race: Protoss Protoss
  • League: Master

MarineLee

  • Race: Terran Terran
  • League: Grandmaster

VOD

Have the link to the VOD?

Description

Time

  • Played on: April 30, 2016, 2:04 a.m.
  • Length: 10:58
Show
View Real Time Build Order
Export as new Build Order

IIIIIIIIIIII Protoss - Winner!

Build Orders: 1 Gate Expand 

Get SALT Encoding   

  12  0:01  Probe (Chrono Boost)  
  13  0:12  Probe (Chrono Boost)  
  14  0:18  Pylon  
  14  0:22  Probe (Chrono Boost)  
  15  0:36  Probe (Chrono Boost), Gateway  
  16  0:42  Assimilator  
  16  0:46  Probe (Chrono Boost)  
  18  0:57  Probe (Chrono Boost)  
  18  1:07  Probe (Chrono Boost)  
  19  1:18  Probe (Chrono Boost)  
  20  1:22  Nexus  
  20  1:34  Cybernetics Core  
  20  1:35  Probe (Chrono Boost)  
  21  1:41  Assimilator  
  21  1:47  Probe (Chrono Boost)  
  21  1:52  Pylon  
  22  1:58  Probe (Chrono Boost)  
  23  2:11  Mothership Core (Chrono Boost), Stalker (Chrono Boost)  
  27  2:21  Warp Gate  
  27  2:29  Probe  
  28  2:32  Probe  
  29  2:42  Probe, Pylon, Stalker (Chrono Boost)  
  29  2:43  Probe  
  32  2:49  Pylon  
  33  2:54  Pylon  
  33  2:59  Pylon  
  33  3:04  Probe  
  32  3:06  Probe  
  34  3:21  Probe  
  34  3:22  Probe  
  34  3:24  Stargate  
  34  3:25  Stalker (Chrono Boost)  
  38  3:32  Probe  
  39  3:34  Probe  
  39  3:39  Pylon  
  40  3:42  Probe  
  40  3:46  Probe  
  42  3:53  Probe  
  41  3:58  Probe  
  40  4:03  Probe  
  40  4:08  Robotics Facility, Oracle (Chrono Boost)  
  44  4:12  Gateway  
  44  4:14  Gateway  
  44  4:15  Probe (Chrono Boost)  
  45  4:20  Mothership Core (Chrono Boost)  
  45  4:22  Assimilator  
  47  4:26  Assimilator, Probe (Chrono Boost)  
  48  4:37  Probe (Chrono Boost)  
  49  4:39  Probe (Chrono Boost)  
  49  4:40  Nexus  
  49  4:45  Pylon  
  50  4:47  Phoenix (Chrono Boost)  
  50  4:50  Probe  
  53  4:57  Observer (Chrono Boost)  
  54  5:02  Probe  
  54  5:03  Pylon  
  55  5:15  Probe  
  55  5:17  Phoenix (Chrono Boost), Probe  
  57  5:21  Observer  
  57  5:27  Pylon  
  57  5:28  Probe x2, Adept x3  
  65  5:38  Probe  
  65  5:40  Probe  
  67  5:43  Phoenix (Chrono Boost)  
  67  5:44  Pylon  
  67  5:45  Observer  
  67  5:49  Probe  
  70  5:52  Probe  
  72  5:58  Twilight Council, Forge  
  72  5:59  Probe x2  
  75  6:04  Probe  
  75  6:05  Adept x3  
  75  6:09  Probe  
  82  6:11  Observer  
  82  6:12  Probe  
  84  6:19  Gateway  
  84  6:20  Gateway  
  84  6:26  Gateway  
  84  6:27  Adept  
  84  6:28  Adept x2  
  84  6:30  Probe x3  
  90  6:44  Phoenix (Chrono Boost)  
  90  6:46  Protoss Ground Weapons Level 1 (Chrono Boost), Probe  
  92  6:49  Pylon  
  92  6:55  Probe  
  92  7:00  Resonating Glaives (Chrono Boost)  
  93  7:04  Phoenix  
  95  7:09  Probe x2  
  95  7:13  Gateway  
  97  7:16  Gateway  
  97  7:17  Pylon  
  97  7:19  Pylon  
  97  7:24  Immortal  
  97  7:25  Phoenix, Probe  
  97  7:27  Pylon  
  104  7:46  Adept  
  104  7:47  Phoenix, Adept x5  
  110  8:09  Phoenix, Adept x2  
  116  8:14  Gateway  
  116  8:15  Gateway  
  116  8:24  Immortal  
  116  8:25  Adept x4  
  116  8:26  Adept x2  
  132  8:27  Protoss Ground Weapons Level 2  
  132  8:30  Photon Cannon  
  132  8:33  Pylon  
  132  8:35  Pylon  
  132  8:43  Pylon  
  132  8:44  Blink (Chrono Boost), Pylon  
  132  8:49  Phoenix (Chrono Boost)  
  134  8:59  Warp Prism (Chrono Boost)  
  134  9:03  Adept x6  
  148  9:12  Adept x2  
  148  9:16  Adept  
  148  9:17  Adept  
  156  9:20  Photon Cannon  
  156  9:22  Pylon  
  156  9:27  Adept x2  
  156  9:28  Adept x2  
  164  9:41  Pylon  
  164  9:44  Pylon  
  136  10:03  Adept  
  136  10:04  Adept x6  
  136  10:05  Adept x3  
Show
View Real Time Build Order
Export as new Build Order

MarineLee Terran 

Build Orders: Reaper Expand, MMM Bio 

Get SALT Encoding   

  12  0:01  SCV  
  13  0:13  SCV  
  14  0:18  Supply Depot  
  14  0:25  SCV  
  15  0:40  Barracks, SCV  
  16  0:44  Refinery  
  16  0:52  SCV  
  17  1:04  SCV  
  18  1:16  SCV  
  19  1:28  Orbital Command, Reaper  
  20  1:42  Command Center  
  20  1:54  SCV, Supply Depot  
  20  2:01  Barracks Reactor  
  21  2:06  SCV  
  22  2:14  Barracks  
  22  2:19  SCV  
  22  2:20  Refinery  
  23  2:29  Factory  
  23  2:33  SCV  
  24  2:39  Marine x2  
  26  2:57  Marine x2  
  26  2:58  SCV  
  29  3:02  Orbital Command  
  29  3:14  Barracks Tech Lab  
  29  3:15  Starport  
  29  3:20  Widow Mine  
  31  3:28  Marine x2  
  32  3:37  Supply Depot  
  32  3:40  Supply Depot  
  32  3:55  Marine  
  30  3:59  SCV x2, Marine x2  
  30  4:00  Stimpack  
  33  4:08  Medivac  
  35  4:11  SCV x2  
  37  4:23  SCV x2  
  39  4:24  Marine x3  
  39  4:29  Supply Depot  
  42  4:31  Engineering Bay  
  42  4:33  Liberator  
  42  4:37  SCV x2  
  42  4:38  Widow Mine  
  43  4:43  Marine  
  46  4:48  Supply Depot  
  46  4:50  Marine  
  50  4:53  SCV  
  50  4:54  Supply Depot  
  50  4:55  Marine  
  50  4:59  Terran Infantry Weapons Level 1  
  52  5:00  SCV  
  52  5:05  SCV  
  54  5:08  Supply Depot  
  54  5:12  Marine x3  
  57  5:21  Missile Turret  
  57  5:22  Missile Turret  
  57  5:23  SCV x2  
  59  5:29  Supply Depot  
  59  5:30  Marine x2  
  59  5:35  SCV x2  
  63  5:37  Marine  
  63  5:40  Starport Reactor, Factory Reactor  
  64  5:47  Marine  
  64  5:48  Marine  
  66  5:54  SCV x2  
  68  5:57  Command Center  
  68  6:02  Supply Depot, Marine  
  68  6:03  Combat Shields  
  69  6:05  Marine x2  
  71  6:13  SCV x2  
  73  6:20  Marine  
  73  6:23  Marine x2  
  73  6:24  Factory Reactor  
  76  6:29  Barracks  
  76  6:33  Barracks  
  76  6:35  Barracks  
  75  6:43  Marine x2  
  75  6:44  Marauder, Medivac x2  
  83  6:48  Refinery x2, SCV x2  
  83  6:49  Supply Depot  
  83  6:51  Supply Depot  
  83  6:53  Terran Infantry Armor Level 1  
  78  7:01  Widow Mine x2  
  78  7:02  SCV x2  
  84  7:13  Orbital Command  
  84  7:14  SCV x2  
  86  7:17  Marauder, Marine x4  
  86  7:20  Medivac x2  
  96  7:31  SCV x2  
  96  7:33  Missile Turret  
  97  7:37  Liberator x2  
  97  7:39  Supply Depot  
  97  7:42  SCV  
  97  7:43  SCV  
  95  7:50  Marauder, Marine x3  
  95  7:51  Marine  
  100  7:52  Barracks Tech Lab x2  
  100  7:57  SCV x2  
  100  7:58  SCV  
  100  8:12  SCV x3  
  103  8:17  Supply Depot  
  103  8:18  Supply Depot  
  103  8:19  Ghost Academy  
  103  8:20  Armory  
  103  8:21  Engineering Bay  
  103  8:24  SCV x3  
  103  8:26  Supply Depot  
  106  8:27  Marauder  
  106  8:28  Marauder  
  106  8:31  Marauder  
  106  8:32  Marine x2  
  106  8:33  Marine  
  115  8:36  SCV x2  
  115  8:37  SCV  
  118  8:51  Marauder x2, Marine x2  
  118  8:52  Marauder, Marine x2  
  128  9:02  Refinery  
  128  9:03  Refinery  
  128  9:06  Missile Turret  
  128  9:08  Missile Turret x2  
  128  9:09  Liberator  
  78  9:10  Liberator, Missile Turret  
  128  9:13  Starport  
  128  9:14  Fusion Core  
  125  9:27  Widow Mine x2  
  125  9:29  Marine  
  125  9:30  Marine x6  
  142  9:43  Supply Depot  
  142  9:45  Supply Depot  
  99  10:00  Marauder, Marine x2  
  99  10:01  Widow Mine x2, Marauder x2, Marine x2  
Tags
 
Add a new tag
Caveats
  • Supply blocks, unpowered buildings, or Contaminate may cause inaccurate times.
  • Supply counts are checked every 10 seconds.